AoeStats
← |TheCore| MADKILLER!!!

Arena

508303530Analyzed
4v4 RM · 10d ago on Sep 21, 2026· 87m 15s· 8 players
Game mode
Random Map
Map size
Large (8 player)
Population
200
Speed
Normal
Resources
Standard
Victory
Conquest
Starting age
Dark Age
Ending age
Imperial Age
RankedLock teamsTeams togetherTeam positionsShared explorationLock speedFull tech treeHidden civsTurbo modeCheats
Victory
Defeat
🇧🇷 Bulgarians · Brazil
1446
+16
🇦🇷 Britons · Argentina
1427
+17
🇧🇷 Romans · Brazil
1404
+18
🇨🇴 Persians · Colombia
1349
+21
🇺🇸 Saracens · United States
1478
-19
🇨🇦 Hindustanis · Canada
1471
-19
🇲🇽 Wu · Mexico
1446
-18
🇧🇩 Britons · Bangladesh
1411
-16
[LGP] Shiroo
6:00 Loom
9:37 Feudal Age
9:59 Double-Bit Axe
9:55 Horse Collar
16:52 Castle Age
17:34 Bow Saw
17:24 Heavy Plow
25:15 Scale Barding Armor
26:30 Chain Barding Armor
27:13 Forging
30:02 Imperial Age
27:44 Town Watch
28:37 Wheelbarrow
29:41 Cavalier
30:32 Bloodlines
30:23 Husbandry
31:08 Plate Barding Armor
31:06 Hand Cart
30:36 Town Watch
30:44 Gold Mining
31:54 Two-Man Saw
31:25 Crop Rotation
31:34 Savar
32:57 Gold Shaft Mining
33:07 Iron Casting
39:04 Blast Furnace
37:25 Light Cavalry
39:58 Hussar
42:51 Sappers
43:42 Conscription
50:15 Scale Mail Armor
49:36 Pikeman
50:17 Squires
50:09 Halberdier
51:09 Chain Mail Armor
53:01 Plate Mail Armor
55:49 Coinage
55:44 Arson
58:59 Town Patrol
82:08 Fletching
82:59 Bodkin Arrow
leotectos
9:41 Feudal Age
13:38 Castle Age
11:36 Double-Bit Axe
12:19 Horse Collar
14:39 Bow Saw
16:53 Loom
21:26 Wheelbarrow
22:34 Gold Mining
23:03 Fletching
23:13 Padded Archer Armor
22:48 Crossbowman
23:49 Bodkin Arrow
24:09 Leather Archer Armor
25:21 Ballistics
30:31 Gold Shaft Mining
32:45 Heavy Plow
33:03 Hand Cart
37:48 Imperial Age
37:03 Masonry
37:10 Elite Skirmisher
38:31 Bracer
38:05 Arbalester
40:15 Ring Archer Armor
45:49 Conscription
47:33 Two-Man Saw
48:55 Yeomen
65:43 Caravan
80:07 Chemistry
TmZ_Mosquito Sedutor
10:46 Feudal Age
14:58 Castle Age
12:43 Horse Collar
13:04 Double-Bit Axe
20:46 Bow Saw
20:40 Heavy Plow
21:48 Wheelbarrow
24:15 Gold Mining
24:15 Stone Mining
28:33 Imperial Age
25:50 Loom
26:52 Bloodlines
26:42 Husbandry
27:01 Scale Barding Armor
27:07 Forging
27:41 Gold Shaft Mining
27:52 Stone Shaft Mining
29:29 Chain Barding Armor
29:45 Iron Casting
30:12 Hand Cart
30:49 Conscription
30:27 Stirrups
31:28 Plate Barding Armor
31:53 Blast Furnace
32:26 Scale Mail Armor
32:54 Fletching
33:37 Chain Mail Armor
33:19 Bodkin Arrow
33:23 Murder Holes
33:39 Masonry
33:46 Elite Konnik
35:25 Crop Rotation
35:05 Town Watch
35:52 Bagains
37:14 Ballistics
37:24 Architecture
37:53 Plate Mail Armor
46:23 Pikeman
47:04 Squires
46:49 Arson
46:50 Gambesons
49:06 Halberdier
52:03 Light Cavalry
53:45 Town Patrol
54:27 Hussar
62:29 Chemistry
64:27 Caravan
MAZZUCCO
10:44 Feudal Age
14:40 Castle Age
14:10 Double-Bit Axe
14:06 Horse Collar
14:16 Gold Mining
15:57 Bow Saw
18:21 Loom
30:39 Fletching
31:32 Wheelbarrow
31:38 Bodkin Arrow
32:08 Ballistics
33:34 Ballistas
36:23 Imperial Age
34:12 Hand Cart
34:55 Fortified Wall
36:30 Heavy Scorpion
38:15 Chemistry
37:21 Siege Engineers
39:10 Capped Ram
40:03 Siege Ram
55:00 Caravan
mini_mike
10:08 Feudal Age
11:31 Double-Bit Axe
14:54 Castle Age
13:17 Horse Collar
15:54 Bow Saw
23:33 Wheelbarrow
23:43 Wheelbarrow
23:25 Loom
23:28 Town Watch
23:51 Scale Barding Armor
24:31 Forging
24:28 Gold Mining
25:12 Bloodlines
25:04 Husbandry
25:56 Chain Barding Armor
25:05 Light Cavalry
27:04 Iron Casting
27:08 Stone Mining
27:21 Heavy Plow
31:52 Imperial Age
29:27 Town Patrol
30:31 Hand Cart
31:23 Grand Trunk Road
31:15 Fletching
31:28 Padded Archer Armor
33:01 Gold Shaft Mining
33:02 Stone Shaft Mining
33:07 Plate Barding Armor
31:57 Heavy Camel Rider
33:53 Chemistry
33:56 Blast Furnace
34:21 Leather Archer Armor
34:20 Siege Engineers
34:19 Shatagni
34:40 Conscription
34:42 Shatagni
34:07 Imperial Camel Rider
37:51 Hussar
42:56 Two-Man Saw
52:22 Masonry
60:11 Caravan
63:51 Fletching
65:16 Bodkin Arrow
Leonidas
11:05 Feudal Age
14:49 Castle Age
12:53 Double-Bit Axe
13:33 Horse Collar
17:17 Bow Saw
17:53 Fletching
20:26 Bodkin Arrow
21:39 Padded Archer Armor
23:11 Red Cliffs Tactics
32:29 Imperial Age
30:39 Wheelbarrow
30:59 Leather Archer Armor
32:29 Loom
33:48 Conscription
33:57 Bracer
35:26 Ballistics
38:15 Chemistry
38:40 Elite Fire Archer
39:26 Gold Mining
39:27 Stone Mining
40:32 Sitting Tiger
44:38 Scale Mail Armor
44:49 Forging
45:08 Squires
44:53 Arson
45:33 Pikeman
47:24 Chain Mail Armor
47:44 Iron Casting
50:16 Plate Mail Armor
53:18 Hand Cart
56:02 Caravan
58:21 Two-Man Saw
57:23 Heavy Plow
65:07 Blast Furnace
71:02 Halberdier
|TheCore| MADKILLER!!!
10:09 Feudal Age
13:44 Castle Age
11:56 Double-Bit Axe
12:34 Horse Collar
16:24 Bow Saw
20:12 Heavy Plow
22:57 Wheelbarrow
22:12 Loom
23:27 Town Watch
23:59 Gold Mining
24:00 Stone Mining
25:35 Hand Cart
25:59 Gold Shaft Mining
30:12 Imperial Age
28:02 Scale Barding Armor
28:08 Forging
29:37 Husbandry
29:47 Bloodlines
30:00 Chain Barding Armor
30:16 Iron Casting
30:38 Bimaristan
31:29 Plate Barding Armor
31:17 Conscription
30:35 Elite Mameluke
33:11 Two-Man Saw
33:22 Blast Furnace
33:16 Coinage
35:44 Banking
35:30 Counterweights
37:47 Fletching
37:58 Padded Archer Armor
38:00 Town Patrol
38:53 Bodkin Arrow
40:04 Ballistics
40:44 Chemistry
39:47 Bracer
41:07 Hoardings
40:52 Leather Archer Armor
44:49 Fortified Wall
46:59 Masonry
46:54 Siege Engineers
55:15 Ring Archer Armor
54:46 Scale Mail Armor
55:20 Light Cavalry
56:34 Hussar
57:25 Murder Holes
60:09 Caravan
Gunslinger
10:35 Feudal Age
11:36 Double-Bit Axe
15:09 Castle Age
16:35 Bow Saw
16:08 Horse Collar
22:37 Wheelbarrow
25:58 Hand Cart
26:22 Gold Mining
26:23 Stone Mining
27:53 Gold Shaft Mining
31:44 Imperial Age
29:32 Fletching
29:43 Padded Archer Armor
30:26 Bodkin Arrow
31:20 Ballistics
32:10 Leather Archer Armor
33:34 Two-Man Saw
32:07 Elite Longbowman
34:16 Chemistry
34:23 Bracer
34:54 Ring Archer Armor
36:10 Siege Engineers
36:43 Yeomen
36:44 Conscription
47:04 Guard Tower
47:00 Arrowslits
49:19 Keep
53:03 Caravan
53:14 Guilds
55:28 Pikeman
56:09 Squires
55:55 Arson
55:58 Halberdier
56:48 Scale Mail Armor
56:58 Forging
60:22 Chain Mail Armor
60:43 Iron Casting
66:55 Plate Mail Armor
67:26 Blast Furnace
Connection lost

Rejoining the realm…

Still unreachable

The connection could not be restored.

Session expired

The server has moved on; the page needs a fresh start.